 Dungeon Crawl Stone Soup version 0.31.0-32-g396128a36d (webtiles) character file.

Game seed: 42177212021127273

47 tizbic2 the Shooter (level 3, -3/22 HPs)
             Began as a Tengu Hunter on Mar 26, 2024.
             Slain by a gnoll
             ... wielding a +0 whip
              (8 damage)
             ... on level 2 of the Dungeon.
             The game lasted 00:03:32 (798 turns).

tizbic2 the Shooter (Tengu Hunter)                   Turns: 798, Time: 00:03:33

Health: -3/22      AC:  5    Str: 11    XL:     3   Next: 70%
Magic:  4/4        EV: 11    Int: 15    God:
Gold:   113        SH:  0    Dex: 19    Spells: 2/2 levels left

rFire   . . .        a - +0 shortbow
rCold   . . .        (shield currently unavailable)
rNeg    . . .        d - +0 ring mail
rPois   .            (helmet restricted)
rElec   .            (no cloak)
rCorr   +            (no gloves)
SInv    .            (boots unavailable)
Will    .....        (no amulet)
Stlth   +            e - ring of resist corrosion
HPRegen 0.23/turn    g - +6 ring of intelligence
MPRegen 0.09/turn

%: acrobat
@: mighty
A: beak, talons 3, acrobatic
a: no special abilities


You were on level 2 of the Dungeon.
You visited 1 branch of the dungeon, and saw 2 of its levels.

You collected 113 gold pieces.

Inventory:

Hand Weapons
 a - a +0 shortbow (weapon)
Missiles
 h - 4 poisoned darts
 j - 2 boomerangs
Armour
 c - a +0 leather armour
 d - a +0 ring mail (worn)
Jewellery
 e - a ring of resist corrosion (left hand)
 g - a +6 ring of intelligence (right hand)
Scrolls
 b - a scroll of butterflies
 i - 3 scrolls of identify {unknown}


   Skills:
 + Level 2.5 Fighting
 * Level 5.0 Ranged Weapons
 + Level 2.8 Dodging
 - Level 1.5 Stealth


You had 2 spell levels left.
You didn't know any spells.
Your spell library was empty.

Dungeon Overview and Level Annotations

Branches:
Dungeon (2/15)

Altars:


Innate Abilities, Weirdness & Mutations

You have a beak for a mouth.
You have claws for feet.
You can magically evade attacks while moving or waiting.


Message History

You shoot an arrow. The arrow hits the bat.
The bat is moderately wounded.
The bat misses you.
You shoot an arrow. The arrow barely misses the bat.
The bat hits you but does no damage. The bat closely misses you.
You shoot an arrow. The arrow hits the bat.
You kill the bat!
You shoot an arrow. The gnoll shouts!
The arrow hits the gnoll.
The gnoll is lightly wounded.
A gnoll comes into view.
It is wielding a +0 whip and quivering a throwing net.
You shoot an arrow. The arrow closely misses the gnoll.
You shoot an arrow. The arrow barely misses the gnoll.
No target in view!
You shoot an arrow. The arrow barely misses the gnoll.
You shoot an arrow. The arrow hits the gnoll.
The gnoll is heavily wounded.
You shoot an arrow.
The arrow hits the gnoll but does no damage.
The gnoll is heavily wounded.
The gnoll hits you with a +0 whip.
You shoot an arrow. The arrow hits the gnoll.
The gnoll is severely wounded.
The gnoll hits you with a +0 whip.
You shoot an arrow.
The arrow hits the gnoll but does no damage.
The gnoll closely misses you.
You shoot an arrow. The arrow closely misses the gnoll. x2
The gnoll hits you with a +0 whip.
You feel very mighty all of a sudden. The gnoll hits you but does no damage.
You shoot an arrow. The arrow hits the gnoll.
The gnoll is lightly wounded.
The gnoll hits you with a +0 whip. x2
* * * LOW HITPOINT WARNING * * *
You shoot an arrow. The arrow hits the gnoll!
The gnoll is severely wounded.
The gnoll hits you with a +0 whip!
You die...

... ##.. #..
#†# #. # #.#
#..# # #.# #..#
# #g#
#####..### #g#
......... #@#
....### #.#
#######.####
#.#
#...........
#.# .#####.####
#.###########.#
#.............#
###############


You could see 2 gnolls.

Vanquished Creatures
  A gnoll (D:1)
  A dart slug (D:1)
  2 ball pythons (D:1)
  6 endoplasms
  2 giant cockroaches (D:1)
  4 hobgoblins
  A quokka (D:2)
  5 bats
  2 frilled lizards
  3 kobolds (D:1)
  6 rats
33 creatures vanquished.

Notes
Turn   | Place    | Note
-------+----------+-------------------------------------------
     0 | D:1      | tizbic2 the Tengu Hunter began the quest for the Orb.
     0 | D:1      | Reached XP level 1. HP: 12/12 MP: 2/2
   148 | D:1      | Reached XP level 2. HP: 17/17 MP: 3/3
   426 | D:1      | Reached XP level 3. HP: 22/22 MP: 4/4
   581 | D:1      | HP: 1/22 [gnoll/+0 flail (1)]
   746 | D:2      | Reached skill level 5 in Ranged Weapons
   798 | D:2      | Slain by a gnoll

Illustrated notes

Levels and vault maps discovered:
D:1:      minmay_arrival_four_circles, layout_rooms
D:2:      layout_loops_ring

Skill      XL: |  1  2  3 |
---------------+----------+-----
Ranged Weapons | 5 |  5.0
Fighting       | |  2.5
Dodging        | |  2.8
Stealth        | |  1.5

Action                     || total
---------------------------++-------
   Fire: Shortbow          ||    87
    Use: Potion            ||     2
 Armour: Ring mail         ||    28
  Dodge: Dodged            ||    32
